[Event "DEN-ch KK 2020"]
[Site "Svendborg"]
[Date "2020.10.12"]
[Round "1.1"]
[White "Carstensen, Jacob"]
[Black "Thorsbro, Peter"]
[Result "1/2-1/2"]
[ECO "D31"]
[WhiteElo "2350"]
[BlackElo "2165"]
[Annotator "RC"]
[PlyCount "43"]
[EventDate "2020.10.09"]
[EventType "tourn"]
[EventCountry "DEN"]
[SourceTitle "playchess.com"]
[Source "ChessBase"]
[SourceQuality "1"]
[TimeControl "40/5400+30:1800+30"]

1. d4 d5 2. c4 e6 3. Nc3 a6 4. cxd5 exd5 5. Nf3 Nf6 6. Bg5 Be6 7. e3 c6 8. Bd3 Bd6 9. O-O Nbd7 10. e4 dxe4 11. Nxe4 Be7 12. Re1 O-O 13. Qc2 h6 14. Bd2 Bd5 15. Rad1 Nxe4 16. Bxe4 Nf6 17. Bxd5 Nxd5 18. Qf5 Bb4 19. Ne5 Bxd2 20. Rxd2 Qa5 21. Rde2 Nf6 22. a3 1/2-1/2

[Event "DEN-ch KK 2020"]
[Site "Svendborg"]
[Date "2020.10.12"]
[Round "1.2"]
[White "Kistrup, Nicolai"]
[Black "Matthiesen, Martin"]
[Result "1/2-1/2"]
[ECO "D11"]
[WhiteElo "2128"]
[BlackElo "2301"]
[Annotator "NA"]
[PlyCount "65"]
[EventDate "2020.10.09"]
[EventType "tourn"]
[EventCountry "DEN"]
[SourceTitle "playchess.com"]
[Source "ChessBase"]
[SourceQuality "1"]
[TimeControl "40/5400+30:1800+30"]

1. d4 d5 2. c4 c6 3. Nf3 Nf6 4. e3 Bg4 5. Nc3 e6 6. h3 Bh5 7. g4 Bg6 8. Ne5 Nbd7 9. Nxg6 hxg6 10. g5 Ne4 11. Nxe4 dxe4 12. h4 Bb4+ 13. Bd2 Qa5 14. Bxb4 Qxb4+ 15. Qd2 Qxd2+ 16. Kxd2 f5 17. c5 Ke7 18. Bc4 Rh7 19. Rh3 b6 20. cxb6 Nxb6 21. Bb3 Rah8 22. Rc1 Kd6 23. Rc5 Rxh4 24. Rxh4 Rxh4 25. Ra5 Rg4 26. Rxa7 Rxg5 27. a4 Rg2 28. Ke2 Rg1 29. Rb7 Nd5 30. Bxd5 exd5 31. Rxg7 Ra1 32. Rxg6+ Kd7 33. Rf6 1/2-1/2

[Event "DEN-ch KK 2020"]
[Site "Svendborg"]
[Date "2020.10.12"]
[Round "1.3"]
[White "Jaksland, Tim"]
[Black "Guindy, Esmat Susanne"]
[Result "1-0"]
[ECO "C00"]
[WhiteElo "2247"]
[BlackElo "2131"]
[Annotator "NA"]
[PlyCount "63"]
[EventDate "2020.10.09"]
[EventType "tourn"]
[EventCountry "DEN"]
[SourceTitle "playchess.com"]
[Source "ChessBase"]
[SourceQuality "1"]
[TimeControl "40/5400+30:1800+30"]

1. e4 e6 2. d4 d5 3. Bd3 Nf6 4. e5 Nfd7 5. c3 c5 6. Ne2 Nc6 7. a3 c4 8. Bc2 b5 9. O-O a5 10. Nf4 Nb6 11. Nh5 Ra7 12. Re1 Qe7 13. Nd2 Kd8 14. Qg4 f5 15. exf6 gxf6 16. Nf3 Qf7 17. Nxf6 Be7 18. Ne5 Nxe5 19. dxe5 Bxf6 20. exf6 e5 21. Qg7 Re8 22. Be3 Re6 23. Bxb6+ Rxb6 24. Rxe5 Qxg7 25. fxg7 Rxg7 26. Rxd5+ Kc7 27. Rc5+ Kb8 28. Re1 Bb7 29. g3 Rd7 30. Rce5 Rd2 31. R1e2 Rbd6 32. f4 1-0

[Event "DEN-ch KK 2020"]
[Site "Svendborg"]
[Date "2020.10.12"]
[Round "1.4"]
[White "Kolbak, Jens"]
[Black "Georgescu, Lena"]
[Result "1/2-1/2"]
[ECO "D37"]
[WhiteElo "2114"]
[BlackElo "2276"]
[Annotator "NA"]
[PlyCount "90"]
[EventDate "2020.10.09"]
[EventType "tourn"]
[EventCountry "DEN"]
[SourceTitle "playchess.com"]
[Source "ChessBase"]
[SourceQuality "1"]
[TimeControl "40/5400+30:1800+30"]

1. d4 Nf6 2. Nf3 e6 3. c4 d5 4. Nc3 dxc4 5. e3 a6 6. Bxc4 b5 7. Bd3 Bb7 8. O-O Nbd7 9. Qe2 c5 10. Rd1 Qb6 $11 11. a4 b4 12. Nb1 Be7 13. Nbd2 O-O 14. Nc4 Qc7 15. Bd2 Ne4 16. Be1 a5 17. Nfe5 Ndf6 18. f3 Nd6 19. dxc5 Nxc4 20. Nxc4 Bxc5 21. Bg3 Qe7 22. Kh1 Ba6 23. Ne5 Bxd3 24. Rxd3 Rac8 25. Rad1 Nd5 26. e4 Nb6 27. b3 Rfe8 28. Qd2 Qb7 29. h4 f6 30. Ng4 h5 31. Ne3 Be7 32. Nc2 Red8 33. Rxd8+ Rxd8 34. Qe2 Rxd1+ 35. Qxd1 Nd7 36. Bd6 Kf7 37. Bxe7 Kxe7 38. Ne3 Qc7 39. Nc4 Nc5 40. Kg1 g6 41. Qc2 Nd7 42. Qf2 Ne5 43. Nxe5 fxe5 44. Qe3 Qc3 45. Kf2 Qc2+ 1/2-1/2

[Event "DEN-ch KK 2020"]
[Site "Svendborg"]
[Date "2020.10.12"]
[Round "1.5"]
[White "Laursen, Niels Norskov"]
[Black "Liu, Casper"]
[Result "1/2-1/2"]
[ECO "B61"]
[WhiteElo "2247"]
[BlackElo "2155"]
[Annotator "NA"]
[PlyCount "54"]
[EventDate "2020.10.09"]
[EventType "tourn"]
[EventCountry "DEN"]
[SourceTitle "playchess.com"]
[Source "ChessBase"]
[SourceQuality "1"]
[TimeControl "40/5400+30:1800+30"]

1. e4 c5 2. Nf3 d6 3. d4 cxd4 4. Nxd4 Nf6 5. Nc3 Nc6 6. Bg5 Bd7 7. Qd2 Rc8 8. Nb3 a5 9. a4 Nb4 10. Bd3 Ng4 11. h3 Ne5 12. Nd4 g6 13. O-O Bg7 14. Bh6 O-O $14 15. Bxg7 Kxg7 16. f4 Nexd3 17. cxd3 Qb6 18. Qf2 Qa6 19. f5 Nxd3 20. f6+ Kg8 21. Qe3 exf6 22. Nd5 Kg7 23. Nxf6 Be6 24. Rad1 Ne5 25. Qg5 Qb6 26. Nh5+ Kg8 27. Nf6+ Kg7 1/2-1/2

[Event "DEN-ch KK 2020"]
[Site "Svendborg"]
[Date "2020.10.12"]
[Round "1.6"]
[White "Easwaralingam, Adesh"]
[Black "Nordenbaek, Jan"]
[Result "1-0"]
[ECO "B51"]
[WhiteElo "2110"]
[BlackElo "2238"]
[Annotator "NA"]
[PlyCount "79"]
[EventDate "2020.10.09"]
[EventType "tourn"]
[EventCountry "DEN"]
[SourceTitle "playchess.com"]
[Source "ChessBase"]
[SourceQuality "1"]
[TimeControl "40/5400+30:1800+30"]

1. e4 c5 2. Nf3 Nc6 3. Bb5 d6 4. O-O Bd7 5. Re1 a6 6. Bc4 b5 7. Bf1 e5 8. c3 g5 9. Kh1 g4 10. Ng1 Qf6 11. a4 b4 12. Bc4 h5 13. Rf1 Be6 14. Qe2 Bxc4 15. Qxc4 Qe6 16. Qe2 Na5 17. d4 exd4 18. cxd4 cxd4 19. Nd2 Bg7 20. Qd3 Ne7 21. Ne2 Nec6 22. Nf4 Qd7 23. Nd5 Qb7 24. f4 Ne7 25. Nxe7 Qxe7 26. b3 O-O 27. Bb2 d5 28. e5 Nc6 29. Rac1 Rfc8 30. Bxd4 Nxd4 31. Qxd4 h4 32. Qxd5 Rd8 33. Qe4 Ra7 34. Nc4 h3 35. gxh3 gxh3 36. Ne3 Qe6 37. Rg1 Kh8 38. f5 Qxe5 39. Qh4+ Kg8 40. Qxd8+ 1-0

[Event "DEN-ch KK 2020"]
[Site "Svendborg"]
[Date "2020.10.12"]
[Round "1.8"]
[White "Steffensen, Elena"]
[Black "Rewitz, Poul"]
[Result "0-1"]
[ECO "B11"]
[WhiteElo "2081"]
[BlackElo "2222"]
[Annotator "NA"]
[PlyCount "88"]
[EventDate "2020.10.09"]
[EventType "tourn"]
[EventCountry "DEN"]
[SourceTitle "playchess.com"]
[Source "ChessBase"]
[SourceQuality "1"]
[TimeControl "40/5400+30:1800+30"]

1. e4 c6 2. Nc3 d5 3. Nf3 dxe4 4. Nxe4 Nf6 5. Nxf6+ exf6 6. Bc4 Qe7+ 7. Qe2 Bg4 8. O-O Qxe2 9. Bxe2 Bd6 10. h3 $11 Bh5 11. Nd4 Bxe2 12. Re1 Kd7 13. Rxe2 Na6 14. d3 Rhe8 15. Be3 g6 16. Rae1 Nb4 17. Nb3 b6 18. d4 f5 19. a3 Nd5 20. c4 Nf4 21. Bxf4 Rxe2 22. Rxe2 Bxf4 23. g3 Bd6 24. Kf1 h5 25. Nd2 g5 26. Nf3 f6 27. b4 f4 28. g4 a5 29. c5 hxg4 30. hxg4 Bc7 31. d5 cxd5 32. Rd2 axb4 33. axb4 Ra1+ 34. Kg2 bxc5 35. Rxd5+ Ke6 36. Rxc5 Be5 37. Rc6+ Kd5 38. Nxe5 fxe5 39. Rg6 Ke4 40. Rxg5 f3+ 41. Kh2 Rf1 42. b5 Rxf2+ 43. Kg1 Rb2 44. Rg8 Ke3 0-1

[Event "DEN-ch KK 2020"]
[Site "Svendborg"]
[Date "2020.10.12"]
[Round "1.9"]
[White "Thuesen, Mogens"]
[Black "Kakulidis, Ellen"]
[Result "0-1"]
[ECO "D87"]
[WhiteElo "2210"]
[BlackElo "2073"]
[Annotator "NA"]
[PlyCount "74"]
[EventDate "2020.10.09"]
[EventType "tourn"]
[EventCountry "DEN"]
[SourceTitle "playchess.com"]
[Source "ChessBase"]
[SourceQuality "1"]
[TimeControl "40/5400+30:1800+30"]

1. d4 Nf6 2. c4 g6 3. Nc3 d5 4. cxd5 Nxd5 5. e4 Nxc3 6. bxc3 Bg7 7. Bc4 O-O 8. Ne2 c5 9. Be3 Qa5 10. O-O Nc6 11. Rb1 $14 a6 12. f4 b5 13. Bd5 Bb7 14. f5 Rad8 15. Qb3 gxf5 16. Bxc6 Bxc6 17. d5 c4 18. Qc2 Ba8 19. Rxf5 e6 20. Rh5 exd5 21. e5 h6 22. Nd4 Qb6 23. Nf5 d4 24. cxd4 Qb7 25. Nxg7 Qe4 26. Qxe4 Bxe4 27. Re1 Kxg7 28. Bxh6+ Kg6 29. Rh4 Rh8 30. Rexe4 Rxh6 31. Reg4+ Kh7 32. Rxh6+ Kxh6 33. Kf2 b4 34. Ke3 b3 35. axb3 cxb3 36. Kd3 Rb8 37. Rf4 b2 0-1

[Event "DEN-ch KK 2020"]
[Site "Svendborg"]
[Date "2020.10.12"]
[Round "1.10"]
[White "Holm, Filip"]
[Black "Rey Malde, Henrique"]
[Result "0-1"]
[ECO "B22"]
[WhiteElo "2010"]
[BlackElo "2201"]
[Annotator "ChessBase"]
[PlyCount "42"]
[EventDate "2020.10.09"]
[EventType "tourn"]
[EventCountry "DEN"]
[SourceTitle "playchess.com"]
[Source "ChessBase"]
[SourceQuality "1"]
[TimeControl "40/5400+30:1800+30"]

1. e4 c5 2. c3 Nf6 3. e5 Nd5 4. d4 cxd4 5. cxd4 d6 6. g3 Nc6 7. Bg2 dxe5 8. dxe5 Ndb4 9. Qxd8+ Kxd8 10. Bxc6 bxc6 11. Kd2 Bf5 12. Na3 Kc7 13. Ke2 e6 14. Be3 Be7 15. Nf3 Bd3+ 16. Ke1 Ba6 17. Nd4 Rhd8 18. Rc1 Nd3+ 19. Kd2 Bb4+ 20. Kc2 Nxc1 21. Rxc1 Rab8 0-1

[Event "DEN-ch KK 2020"]
[Site "Svendborg"]
[Date "2020.10.12"]
[Round "1.11"]
[White "Nilssen, Ellen Fredericia"]
[Black "Meskenas, Paulius"]
[Result "1-0"]
[ECO "D78"]
[WhiteElo "2209"]
[BlackElo "2032"]
[Annotator "NA"]
[PlyCount "51"]
[EventDate "2020.10.09"]
[EventType "tourn"]
[EventCountry "DEN"]
[SourceTitle "playchess.com"]
[Source "ChessBase"]
[SourceQuality "1"]
[TimeControl "40/5400+30:1800+30"]

1. d4 Nf6 2. c4 g6 3. g3 d5 4. Bg2 c6 5. Nf3 Bg7 6. O-O O-O 7. Qb3 Nbd7 8. cxd5 cxd5 9. Nc3 Nb6 10. Ne5 Bf5 11. a4 a5 12. Bf4 Rc8 13. Rfc1 Ne4 14. Nxe4 Rxc1+ 15. Rxc1 dxe4 16. Rd1 Be6 17. d5 Nxd5 18. Qxb7 Qc8 19. Qxc8 Rxc8 20. Bxe4 Nb6 21. Bb7 Rb8 22. Nxg6 Re8 23. Bc6 Bd7 24. Bxd7 Nxd7 25. Rxd7 hxg6 26. Rb7 1-0

[Event "DEN-ch KK 2020"]
[Site "Svendborg"]
[Date "2020.10.12"]
[Round "1.12"]
[White "Hald Falkesgaard, Jeppe"]
[Black "Haubro, Sigfred"]
[Result "0-1"]
[ECO "D31"]
[WhiteElo "1984"]
[BlackElo "2163"]
[Annotator "NA"]
[PlyCount "71"]
[EventDate "2020.10.09"]
[EventType "tourn"]
[EventCountry "DEN"]
[SourceTitle "playchess.com"]
[Source "ChessBase"]
[SourceQuality "1"]
[TimeControl "40/5400+30:1800+30"]

1. d4 d5 2. c4 e6 3. Nc3 f5 4. e3 Nf6 5. Bd3 c6 6. Nge2 Be7 7. O-O O-O 8. Qc2 Bd7 9. f3 Kh8 10. e4 Na6 11. a3 dxc4 12. Bxc4 Nc7 13. Bf4 Rc8 14. h3 b5 15. Bd3 c5 16. Qd2 cxd4 17. Nxd4 Bc5 18. Be3 f4 19. Bf2 e5 20. Nb3 Bxf2+ 21. Qxf2 a6 22. Rfd1 Ne6 23. a4 Qe8 24. axb5 axb5 25. Qb6 Qg6 26. Bxb5 Bxb5 27. Qxb5 Ng5 28. Kh1 Rb8 29. Qc4 Nxh3 30. gxh3 Qg3 31. Nd2 Qxh3+ 32. Kg1 Qg3+ 33. Kf1 Ng4 34. fxg4 f3 35. Rdc1 Rxb2 36. Re1 0-1

[Event "DEN-ch KK 2020"]
[Site "Svendborg"]
[Date "2020.10.13"]
[Round "2.2"]
[White "Rewitz, Poul"]
[Black "Nilssen, Ellen Fredericia"]
[Result "1-0"]
[ECO "A35"]
[WhiteElo "2222"]
[BlackElo "2209"]
[Annotator "ChessBase"]
[PlyCount "117"]
[EventDate "2020.10.09"]
[EventType "tourn"]
[EventCountry "DEN"]
[SourceTitle "playchess.com"]
[Source "ChessBase"]
[SourceQuality "1"]
[TimeControl "40/5400+30:1800+30"]

1. c4 c5 2. Nc3 Nc6 3. Nf3 g6 4. d4 cxd4 5. Nxd4 Bg7 6. Nc2 Bxc3+ 7. bxc3 Qa5 8. Bd2 Nf6 9. f3 d6 10. e4 O-O 11. Be2 Be6 12. Nd4 Rac8 13. Rb1 Nxd4 14. cxd4 Qxa2 15. c5 dxc5 16. d5 Bd7 17. Qc1 c4 18. Bc3 Qa6 19. O-O b5 20. Rd1 Ne8 21. Qh6 Qb6+ 22. Kf1 a5 23. d6 e6 24. g4 b4 25. h4 Qc6 26. Bh8 c3 27. Rbc1 a4 28. Kg2 c2 29. Rd3 b3 30. h5 Qb6 31. Bb2 a3 32. Rh1 c1=Q 33. Bxc1 Rxc1 34. Qxc1 b2 35. Qb1 e5 36. Rxa3 Nxd6 37. Ra6 Qb4 38. Rd1 Bb5 39. Rb6 Ra8 40. Rdxd6 Ra1 41. h6 Kf8 42. Rxb5 Qxb5 43. Bxb5 Rxb1 44. Bd3 Rd1 45. Rb6 Rxd3 46. Rxb2 Ke7 47. g5 f6 48. Rb7+ Rd7 49. gxf6+ Ke6 50. Rb6+ Kf7 51. Kg3 Rd1 52. f4 Rd3+ 53. Kf2 exf4 54. e5 Rd8 55. Rb7+ Ke6 56. Re7+ Kf5 57. f7 Rf8 58. e6 Ke5 59. Re8 1-0

[Event "DEN-ch KK 2020"]
[Site "Svendborg"]
[Date "2020.10.13"]
[Round "2.3"]
[White "Rey Malde, Henrique"]
[Black "Easwaralingam, Adesh"]
[Result "1-0"]
[ECO "B48"]
[WhiteElo "2201"]
[BlackElo "2110"]
[Annotator "ChessBase"]
[PlyCount "105"]
[EventDate "2020.10.09"]
[EventType "tourn"]
[EventCountry "DEN"]
[SourceTitle "playchess.com"]
[Source "ChessBase"]
[SourceQuality "1"]
[TimeControl "40/5400+30:1800+30"]

1. e4 c5 2. Nf3 e6 3. d4 cxd4 4. Nxd4 Nc6 5. Nc3 Qc7 6. Be3 a6 7. Qd2 Nf6 8. O-O-O Be7 9. f4 b5 10. e5 b4 11. Ncb5 axb5 12. Nxb5 Qb8 13. exf6 gxf6 14. Kb1 Ra5 15. Nd6+ Bxd6 16. Qxd6 Qxd6 17. Rxd6 Ke7 18. Rd2 d5 19. Bb6 Ra8 20. Bc5+ Kd7 21. Bb5 Rb8 22. Bxc6+ Kxc6 23. Bd4 Bd7 24. Bxf6 Rhg8 25. b3 Rb5 26. Re1 Rg6 27. Be7 Rg4 28. Bg5 Rb8 29. g3 Rg8 30. Be7 h5 31. Re5 h4 32. Bxh4 Rxh4 33. gxh4 Rh8 34. Rg5 Rxh4 35. Rf2 Be8 36. Rg8 Kd7 37. Kb2 Ke7 38. a4 bxa3+ 39. Kxa3 f6 40. Rg7+ Bf7 41. b4 Kf8 42. Rg3 Be8 43. Rc3 Ke7 44. Rc8 Rh3+ 45. Kb2 Rh4 46. Rb8 Rg4 47. Rf3 e5 48. fxe5 fxe5 49. Ra3 Bd7 50. Ra7 Rg6 51. Rbb7 Rd6 52. Kc3 Ke6 53. Rxd7 1-0

[Event "DEN-ch KK 2020"]
[Site "Svendborg"]
[Date "2020.10.13"]
[Round "2.5"]
[White "Matthiesen, Martin"]
[Black "Kolbak, Jens"]
[Result "1/2-1/2"]
[ECO "D35"]
[WhiteElo "2301"]
[BlackElo "2114"]
[Annotator "ChessBase"]
[PlyCount "139"]
[EventDate "2020.10.09"]
[EventType "tourn"]
[EventCountry "DEN"]
[SourceTitle "playchess.com"]
[Source "ChessBase"]
[SourceQuality "1"]
[TimeControl "40/5400+30:1800+30"]

1. d4 Nf6 2. c4 e6 3. Nc3 d5 4. cxd5 exd5 5. Bg5 Be7 6. e3 c6 7. Bd3 Nbd7 8. Nge2 Nh5 9. Bxe7 Qxe7 10. g4 Nhf6 11. Ng3 g6 12. Qe2 Nb6 13. g5 Ng8 14. h4 Be6 15. f4 Qd7 16. h5 Ne7 17. hxg6 fxg6 18. Rh4 O-O-O 19. O-O-O Nf5 20. Nxf5 Bxf5 21. Bxf5 Qxf5 22. b3 Rde8 23. Rdh1 Re7 24. Nd1 Nd7 25. Qc2 Qe6 26. Rh6 Nf8 27. R1h3 Rg8 28. Nf2 Rgg7 29. Nd3 Nd7 30. Qh2 Qe4 31. Kd2 b6 32. Qh1 Qxh1 33. Rxh1 Kb7 34. b4 Nf8 35. a4 Rc7 36. Ne5 c5 37. bxc5 bxc5 38. Rb1+ Kc8 39. Rb5 cxd4 40. exd4 Ne6 41. f5 Nxg5 42. fxg6 Ne4+ 43. Ke3 Nf6 44. gxh7 Nxh7 45. Rxd5 Rg8 46. Rc6 Rgg7 47. Rcd6 Rg8 48. Rc6 Rgg7 49. Rcd6 Rg8 50. a5 Re8 51. Kd3 Nf8 52. a6 Ne6 53. Ke4 Rc1 54. Ke3 Nc7 55. Ra5 Re6 56. Rxe6 Nxe6 57. Nd3 Rh1 58. d5 Nc7 59. d6 Ne6 60. Ne5 Rd1 61. d7+ Kc7 62. Rb5 Nd8 63. Ke4 Ra1 64. Rc5+ Kd6 65. Rc8 Ke7 66. Kd5 Rxa6 67. Rxd8 Kxd8 68. Nc6+ Rxc6 69. Kxc6 a5 70. Kb5 1/2-1/2

[Event "DEN-ch KK 2020"]
[Site "Svendborg"]
[Date "2020.10.13"]
[Round "2.6"]
[White "Georgescu, Lena"]
[Black "Kistrup, Nicolai"]
[Result "1-0"]
[ECO "B48"]
[WhiteElo "2276"]
[BlackElo "2128"]
[Annotator "ChessBase"]
[PlyCount "47"]
[EventDate "2020.10.09"]
[EventType "tourn"]
[EventCountry "DEN"]
[SourceTitle "playchess.com"]
[Source "ChessBase"]
[SourceQuality "1"]
[TimeControl "40/5400+30:1800+30"]

1. e4 c5 2. Nf3 e6 3. d4 cxd4 4. Nxd4 Nc6 5. Nc3 Qc7 6. Be3 a6 7. a3 Be7 8. Qf3 Nf6 9. O-O-O O-O 10. g4 d6 11. g5 Nd7 12. Qg3 b5 13. h4 Bb7 14. g6 hxg6 15. h5 gxh5 16. Rxh5 Bf6 17. Bc4 Nxd4 18. Rdh1 g6 19. Qh3 Bh4 20. Rh8+ Kg7 21. Rh7+ Kg8 22. Qxh4 Nf5 23. exf5 Bxh1 24. Qh6 1-0

[Event "DEN-ch KK 2020"]
[Site "Svendborg"]
[Date "2020.10.13"]
[Round "2.7"]
[White "Thorsbro, Peter"]
[Black "Laursen, Niels Norskov"]
[Result "1/2-1/2"]
[ECO "A48"]
[WhiteElo "2165"]
[BlackElo "2247"]
[Annotator "ChessBase"]
[PlyCount "53"]
[EventDate "2020.10.09"]
[EventType "tourn"]
[EventCountry "DEN"]
[SourceTitle "playchess.com"]
[Source "ChessBase"]
[SourceQuality "1"]
[TimeControl "40/5400+30:1800+30"]

1. d4 Nf6 2. Nf3 g6 3. Bf4 Bg7 4. Nbd2 O-O 5. e3 d6 6. h3 Nc6 7. c4 Nd7 8. d5 Nce5 9. Qc2 c6 10. dxc6 Nxf3+ 11. Nxf3 bxc6 12. Rb1 c5 13. b3 Qa5+ 14. Nd2 Bb7 15. f3 Ne5 16. Bxe5 Bxe5 17. Bd3 f5 18. O-O Qc3 19. Rbd1 Bc6 20. Qxc3 Bxc3 21. Nb1 Bg7 22. Bc2 a5 23. a4 f4 24. exf4 Rxf4 25. Rfe1 Be5 26. Rd3 Rd4 27. Na3 1/2-1/2

[Event "DEN-ch KK 2020"]
[Site "Svendborg"]
[Date "2020.10.13"]
[Round "2.9"]
[White "Rossen, Claus"]
[Black "Thuesen, Mogens"]
[Result "0-1"]
[ECO "C15"]
[WhiteElo "2099"]
[BlackElo "2210"]
[Annotator "ChessBase"]
[PlyCount "96"]
[EventDate "2020.10.09"]
[EventType "tourn"]
[EventCountry "DEN"]
[SourceTitle "playchess.com"]
[Source "ChessBase"]
[SourceQuality "1"]
[TimeControl "40/5400+30:1800+30"]

1. e4 e6 2. d4 d5 3. Nc3 Bb4 4. a3 Bxc3+ 5. bxc3 dxe4 6. Qg4 Nf6 7. Qxg7 Rg8 8. Qh6 Rg6 9. Qe3 b6 10. f3 Bb7 11. Bb2 Nbd7 12. O-O-O Qe7 13. fxe4 Nxe4 14. Nf3 O-O-O 15. c4 f5 16. Rg1 Ndf6 17. Ne5 Ng4 18. Nxg4 Rxg4 19. Be2 Rh4 20. h3 Rg8 21. g4 f4 22. Qxf4 Rxh3 23. Rd3 Ng5 24. Rf1 Bg2 25. Rxh3 Nxh3 26. Qf6 Qe8 27. Re1 Rf8 28. Qe5 Qc6 29. Bd3 Nf4 30. Bxh7 Qxc4 31. Be4 Kb8 32. Kb1 Bxe4 33. Qxe4 Nd5 34. Qxe6 Rf2 35. Qe8+ Kb7 36. Qe4 c6 37. g5 Qb5 38. Qh7+ Ka6 39. Qd3 Qxd3 40. cxd3 Rg2 41. Ka2 Rxg5 42. Kb3 Rg3 43. Re6 Kb7 44. Kc2 Rg2+ 45. Kc1 Nf4 46. Re3 Ka6 47. Rf3 Ne2+ 48. Kd1 Ng1 0-1

[Event "DEN-ch KK 2020"]
[Site "Svendborg"]
[Date "2020.10.13"]
[Round "2.11"]
[White "Guindy, Esmat Susanne"]
[Black "Hald Falkesgaard, Jeppe"]
[Result "1-0"]
[ECO "E63"]
[WhiteElo "2131"]
[BlackElo "1984"]
[Annotator "NA"]
[PlyCount "129"]
[EventDate "2020.10.09"]
[EventType "tourn"]
[EventCountry "DEN"]
[SourceTitle "playchess.com"]
[Source "ChessBase"]
[SourceQuality "1"]
[TimeControl "40/5400+30:1800+30"]

1. d4 Nf6 2. c4 g6 3. g3 Bg7 4. Bg2 O-O 5. Nf3 d6 6. Nc3 Nc6 7. O-O a6 8. b3 {[%emt 0:05:52] now scores much better than the old 8.h3.} Bg4 9. h3 {[%emt 0:06:10] E63: King's Indian: Fianchetto: Panno Variation with 7...a6.} Bxf3 10. Bxf3 Nd7 11. e3 e5 12. Ne2 {[%emt 0:03:38] [#]} Qf6 $146 ({Predecessor:} 12... f5 13. dxe5 dxe5 14. Bd5+ Kh8 15. Ba3 Rf6 16. f4 e4 17. Bb2 Rd6 18. Ba3 Rf6 19. Bxc6 Rxc6 {1-0 (50) Balje,J (2198)-Zojer,S (2089) Groningen 2013}) 13. Bg2 Qe7 14. Bb2 Rae8 15. dxe5 Ncxe5 16. Qd2 ({Much worse is} 16. Bxb7 c6 $15) 16... Nc5 17. Rad1 Qf6 18. Kh1 Qf5 19. Nd4 Qh5 20. Qe2 Qxe2 21. Nxe2 Nc6 (21... Ned3 $11 {keeps the balance.} 22. Ba3 a5) 22. Bxg7 Kxg7 23. Nf4 Nb4 24. a3 Nc2 {[%emt 0:00:24] [#]} 25. b4 (25. Rd2 $1 $16 Nxe3 26. fxe3) 25... Ne6 26. Nxe6+ fxe6 27. Rd3 a5 28. bxa5 Ra8 29. Rc3 Rxa5 30. Rxc2 Rxa3 31. Bxb7 Rxe3 32. Kg2 ({Don't do} 32. fxe3 Rxf1+ 33. Kg2 Rb1 $18) 32... Rb3 33. Be4 Rb4 34. Re1 Kf6 35. Re3 Ke7 36. c5 Kf6 37. cxd6 cxd6 38. Rf3+ Kg7 39. Rc7+ Kg8 40. Rxf8+ Kxf8 41. Bf3 Kg8 42. Bg4 e5 43. Be6+ Kh8 44. Rd7 Rd4 45. Kf3 Rd3+ 46. Ke2 Rd4 47. h4 Re4+ $18 48. Kd3 Rd4+ 49. Ke3 Rd1 50. Ke2 Rd4 51. f3 h6 52. g4 g5 53. h5 e4 54. Ke3 Ra4 55. Rxd6 exf3 56. Bf5 Ra3+ 57. Kf2 Kg7 58. Rg6+ Kf8 59. Rxh6 Kg7 60. Rg6+ Kh8 61. h6 Ra2+ 62. Kxf3 Rh2 63. Rc6 Kg8 64. h7+ Kg7 65. Rc8 1-0

[Event "DEN-ch KK 2020"]
[Site "Svendborg"]
[Date "2020.10.13"]
[Round "2.12"]
[White "Meskenas, Paulius"]
[Black "Steffensen, Elena"]
[Result "1-0"]
[ECO "B06"]
[WhiteElo "2032"]
[BlackElo "2081"]
[Annotator "ChessBase"]
[PlyCount "69"]
[EventDate "2020.10.09"]
[EventType "tourn"]
[EventCountry "DEN"]
[SourceTitle "playchess.com"]
[Source "ChessBase"]
[SourceQuality "1"]
[TimeControl "40/5400+30:1800+30"]

1. e4 g6 2. d4 Bg7 3. Nc3 c6 4. Be3 Nf6 5. Nf3 d5 6. e5 Ng4 7. Bf4 h5 8. Bd3 Nh6 9. Qe2 Nf5 10. O-O-O b5 11. h3 b4 12. Na4 Qa5 13. b3 h4 14. g4 hxg3 15. fxg3 e6 16. g4 Ne7 17. Bd2 Na6 18. Kb1 c5 19. Bb5+ Kf8 20. dxc5 Rb8 21. Nd4 Nc7 22. Bd3 Bd7 23. Nb2 Qxc5 24. Be3 Qa5 25. Rdf1 Ke8 26. Bd2 Qc5 27. Qf2 Bxe5 28. Be3 Rf8 29. Nxe6 Qc3 30. Bd4 Bxd4 31. Nxd4 Nb5 32. Nxb5 Bxb5 33. Qxa7 Nc6 34. Qc7 Bxd3 35. Nxd3 1-0

[Event "DEN-ch KK 2020"]
[Site "Svendborg"]
[Date "2020.10.14"]
[Round "3.9"]
[White "Easwaralingam, Adesh"]
[Black "Thorsbro, Peter"]
[Result "0-1"]
[ECO "C65"]
[WhiteElo "2110"]
[BlackElo "2165"]
[Annotator "NA RC"]
[PlyCount "126"]
[EventDate "2020.10.09"]
[EventType "tourn"]
[EventCountry "DEN"]
[SourceTitle "playchess.com"]
[Source "ChessBase"]
[SourceQuality "1"]
[TimeControl "40/5400+30:1800+30"]

1. e4 e5 2. Nf3 Nc6 3. Bb5 Nf6 4. d3 Bc5 5. O-O d6 6. c3 O-O 7. h3 h6 8. Nbd2 a6 9. Ba4 Ba7 10. Bb3 Re8 11. Re1 Be6 12. Nf1 d5 13. Ng3 dxe4 14. dxe4 Qxd1 15. Bxd1 Rad8 16. Bc2 Bc5 $11 17. Be3 Bxe3 18. Rxe3 Nd7 19. Ne1 Nb6 20. Nd3 Nc4 21. Re2 b6 22. Rd1 Re7 23. Nb4 Rxd1+ 24. Bxd1 Nxb4 25. cxb4 Nd6 26. b3 Nb5 27. Rd2 Rd7 28. Rxd7 Bxd7 29. Ne2 Nd4 30. Nxd4 exd4 31. Be2 a5 32. bxa5 bxa5 33. Bc4 Kf8 34. Kf1 f5 35. exf5 Bxf5 36. Ke2 Ke7 37. f4 Kd6 38. a3 Kc5 39. Bf7 Be4 40. g4 g5 41. f5 Kd6 42. Kf2 c5 43. Bc4 Ke5 44. Bf7 Bb1 45. Kf3 Ba2 46. a4 Bb1 47. Bc4 Be4+ 48. Kf2 Kf6 49. Kg3 h5 50. Kf2 h4 51. Bf1 Ke5 52. Ke1 d3 53. Kd2 Bd5 54. Bxd3 Bxb3 55. Bb5 Bd5 56. Ke3 Bg2 57. Kf2 Bd5 58. Ke3 c4 59. Kf2 c3 60. Ke3 Bg2 61. Kd3 Bxh3 62. Bd7 Bg2 63. Kxc3 h3 0-1

[Event "DEN-ch KK 2020"]
[Site "Svendborg"]
[Date "2020.10.14"]
[Round "3.10"]
[White "Kistrup, Nicolai"]
[Black "Rossen, Claus"]
[Result "1/2-1/2"]
[ECO "A42"]
[WhiteElo "2128"]
[BlackElo "2099"]
[Annotator "NA RC"]
[PlyCount "84"]
[EventDate "2020.10.09"]
[EventType "tourn"]
[EventCountry "DEN"]
[SourceTitle "playchess.com"]
[Source "ChessBase"]
[SourceQuality "1"]
[TimeControl "40/5400+30:1800+30"]

1. d4 g6 2. c4 Bg7 3. Nc3 d6 4. e4 Nc6 5. Be3 e5 6. Nge2 f5 7. dxe5 dxe5 8. exf5 gxf5 9. Qxd8+ Nxd8 10. f4 Ne6 11. fxe5 Bxe5 12. g3 Nf6 13. Bg2 $11 c6 14. Rf1 Ng4 15. Bg1 Ng5 16. h3 Nf6 17. Bd4 Bxd4 18. Nxd4 O-O 19. O-O-O Nfe4 20. Nxe4 Nxe4 21. Bxe4 fxe4 22. Rxf8+ Kxf8 23. g4 Bd7 24. Kd2 c5 25. Nf5 Bxf5 26. Rf1 Rd8+ 27. Ke2 Rd3 28. Rxf5+ Kg7 29. Rxc5 Rxh3 30. Rc7+ Kf6 31. Rxb7 Ke5 32. Rxa7 Kd4 33. Rd7+ Kxc4 34. a4 h5 35. gxh5 Rxh5 36. Ke3 Kb3 37. Rb7+ Kxa4 38. Kxe4 Rb5 39. Rd7 Rxb2 40. Ra7+ Kb3 41. Rb7+ Kc3 42. Rxb2 Kxb2 1/2-1/2